[Event "*** SCC Grand Prix: Titled Tuesday Blitz"]
[Site "Chess.com"]
[Date "2020.07.14"]
[Round "4"]
[White "kirillshevchenko"]
[Black "pastouche06"]
[Result "1-0"]
[WhiteElo "2925"]
[BlackElo "2533"]
[TimeControl "180+1"]
[EndTime "10:40:57 PDT"]
[Termination "kirillshevchenko won by resignation"]

1. e4 c6 2. d4 d5 3. exd5 cxd5 4.
Bd3 Nc6 5. c3 Qc7 6. h3 Nf6 7.
Nf3 g6 8. Qc2 Bg7 9. O-O O-O 10.
Re1 Bd7 11. Nbd2 Rac8 12. a3 Nh5 13. Nb3 e5 14. dxe5 Nxe5 15. Nbd4 Nf4 16. Bxf4 Nxf3+ 17.
Nxf3 Qxf4 18. Qc1 Qd6 19. Qd2 Rfe8 20. Be4 Bc6 21. Rad1 Rcd8 22. Bxd5 Rxe1+ 23. Qxe1 Bxd5 24. c4 Qc6 25. cxd5 Rxd5 26. Rc1 Rc5 27. Rxc5 Qxc5 28. Qe8+ Bf8 29. Qe2 Bd6 30. h4 Qc1+ 31. Ne1 Qf4 32. g3 Qd4 33. Nf3 Qd5 34. Ng5 Kg7 35. Ne4 Be5 36.
b4 Qb3 37. Nc5 Qd5 38. Kh2 b6 39. Nd3 Bf6 40. Nf4 Qe5 41. Qf3 Qf5 42. a4 a5 43.
bxa5 bxa5 44. Qe2 Be5 45. Nd3 Bf6 46. Kg2 Qd5+ 47. Qf3 Qxf3+ 48. Kxf3 Bd4 49. Ke4 Bc3 50. g4 h6 51. f4 Kf6 52. Kd5 g5 53. fxg5+ hxg5 54. h5 Bd2 55. Nc5 Kg7 56. Ne4 Bf4 57. Nc5 f5 58. gxf5 Kf6 59. Ke4 Bd6 60. Nd7+ Ke7 61. Nb6 Kf6 62. Nd5+ Kf7 63. Ne3 Kf6 64. Ng4+ Kg7 65.
Kd5 Bf4 66. Ke6 Bd2 67. f6+ Kh7 68. f7 Bb4 69. Kd7 Kg7 70. Ke8 Bc5 71. h6+ 1-0

[Event "*** SCC Grand Prix: Titled Tuesday Blitz"]
[Site "Chess.com"]
[Date "2020.07.14"]
[Round "4"]
[White "chargemax23"]
[Black "Korona_91"]
[Result "0-1"]
[WhiteElo "2673"]
[BlackElo "2497"]
[TimeControl "180+1"]
[EndTime "10:40:59 PDT"]
[Termination "Korona_91 won on time"]

1. c4 e5 2. Nc3 Nc6 3. Nf3 g6 4. e4 Bg7 5. d3 d6 6. h3 f5 7.
g3 Nf6 8. Be3 O-O 9. Bg2 Be6 10.
Nd5 Qd7 11. Ng5 Rae8 12. Nxe6 Rxe6 13. Qd2 Nd4 14. O-O-O Nxd5 15. cxd5 Ree8 16. Kb1 c5 17. f4 fxe4 18. dxe4 b5 19. h4 Qg4 20. Qf2 exf4 21. gxf4 b4 22. Bh3 Qf3 23. Qxf3 Nxf3 24. Be6+ Kh8 25.
h5 gxh5 26. Rxh5 Bd4 27. Bc1 Bf6 28. Rdh1 Re7 29. Bf5 Rff7 30. e5 dxe5 31. d6 Re8 32. Bg6 Ref8 33. Bxf7 Rxf7 34. fxe5 Bxe5 35. Rd1 Bd4 36.
Rd5 Rd7 37. Bf4 Kg8 38. Rf1 Nh4 39. Kc2 Ng6 40. Bg3 a5 41. Kd3 Bxb2 42. Rxc5 a4 43. Kc4 b3 44. axb3 a3 45. Ra5 Kg7 46. Kd5 Rd8 47.
Ra7+ Kh6 48. d7 Nf8 49. Kc6 Nxd7 50. Rh1+ Kg6 51. Kc7 Nb8 52. Ra8 Re8 53. Bd6 h5 54.
Bxa3 Be5+ 55. Kb7 Re6 56. Rg1+ Kf5 57. Rf1+ Kg6 58. Bc5 Nd7 59. Bg1 Nf6 60. Ra6 Re7+ 61. Kc6 Re6+ 62. Kb5 Re8 63. b4 h4 64. Ka4 Kg5 65. b5 h3 66. b6 Nd7 67. b7 Nc5+ 68. Bxc5 Rb8 0-1

[Event "*** SCC Grand Prix: Titled Tuesday Blitz"]
[Site "Chess.com"]
[Date "2020.07.14"]
[Round "4"]
[White "picturesquecheck"]
[Black "dennisodessa"]
[Result "1/2-1/2"]
[WhiteElo "2236"]
[BlackElo "2448"]
[TimeControl "180+1"]
[EndTime "10:40:59 PDT"]
[Termination "Game drawn - insufficient material"]

1. e4 e6 2. d4 d5 3. Nd2 Nf6 4. e5 Nfd7 5. Bd3 c5 6. c3 Nc6 7. Ne2 cxd4 8. cxd4 f6 9. exf6 Qxf6 10. Nf3 h6 11.
O-O Bd6 12. a3 O-O 13. b4 a6 14. Be3 Rd8 15. Rc1 Nf8 16. Bb1 Bd7 17. Re1 Be8 18. Ng3 Bg6 19. Bxg6 Nxg6 20. Qd3 Rf8 21. Bd2 Rae8 22.
Re2 Nf4 23. Bxf4 Qxf4 24. Rce1 Qf7 25. Rd1 Qf6 26. Nh5 Qf5 27. Qxf5 exf5 28. Rde1 Rxe2 29. Rxe2 g6 30. Re6 Bxh2+ 31. Kxh2 gxh5 32. Rxh6 Re8 33.
Rxh5 Re4 34. Rxf5 Nxd4 35. Rxd5 Nxf3+ 36. gxf3 Re2 37. Kg3 Ra2 38. Rd7 Rxa3 39. Rxb7 Rb3 40. Rb6 Kf7 41. Kg4 Rb2 42. f4 Ra2 43. f3 a5 44.
bxa5 Rxa5 45. f5 Ra1 46. Kf4 Rf1 47. Rb4 Kf6 48. Re4 Kf7 49. Re3 Kf6 50. Kg4 Rg1+ 51.
Kf4 Rf1 52. Re6+ Kf7 53. Rb6 Rf2 54. Kg4 Rg2+ 55. Kh5 Rf2 56. Kg5 Rxf3 57. Rb7+ Kg8 58. Kf6 Rf1 59. Rb8+ Kh7 60. Ke6 Kg7 61. Rb7+ Kg8 62.
Kf6 Ra1 63. Rb8+ Kh7 64. Kf7 Ra7+ 65. Kf8 Ra6 66. Rb7+ Kh6 67. Ke7 Kg5 68. Rb5 Rf6 69. Re5 Rxf5 70. Rxf5+ Kxf5 1/2-1/2

[Event "*** SCC Grand Prix: Titled Tuesday Blitz"]
[Site "Chess.com"]
[Date "2020.07.14"]
[Round "4"]
[White "andy_rekt"]
[Black "Caterpiller35"]
[Result "1/2-1/2"]
[WhiteElo "2299"]
[BlackElo "2443"]
[TimeControl "180+1"]
[EndTime "10:40:59 PDT"]
[Termination "Game drawn - insufficient material"]

1. d4 Nf6 2. c4 e6 3. Nc3 Bb4 4.
e3 Ne4 5. Ne2 b6 6. f3 Bxc3+ 7.
bxc3 Nd6 8. Ng3 h5 9. Ne4 Nxe4 10. fxe4 Qh4+ 11. Kd2 Qxe4 12. Qf3 Bb7 13. Be2 Qxf3 14.
gxf3 d6 15. e4 g6 16. Kc2 c5 17. Bg5 Nc6 18. Bf6 O-O 19. d5 Na5 20. Be7 Rfe8 21.
Bxd6 Ba6 22. f4 exd5 23. e5 Bxc4 24. Bd1 Nb7 25. Rg1 Nxd6 26. exd6 Rad8 27. Bxh5 Rxd6 28. f5 Be2 29. Bxe2 Rxe2+ 30. Kd3 Rxh2 31. fxg6 Rxg6 32. Rxg6+ fxg6 33. a4 Kf7 34. a5 b5 35. a6 Rb2 36.
Rf1+ Ke6 37. Rg1 c4+ 38. Kd4 Rd2+ 39. Kc5 Kf5 40. Kxb5 g5 41. Kc6 g4 42. Kb7 Rb2+ 43. Kc6 d4 44. cxd4 c3 45. Rc1 c2 46. d5 Ke5 47. d6 Rb6+ 48. Kc5 Rxd6 49. Re1+ Kf4 50. Kxd6 g3 51. Kc6 g2 52. Kb7 Kf3 53. Kxa7 Kf2 54.
Rc1 g1=Q 55. Rxc2+ Kf3+ 56. Kb7 Qb1+ 57. Ka8 Qb5 58. a7 Qd5+ 59. Kb8 Qb3+ 60. Ka8 Qxc2 61. Kb8 Qb3+ 62. Kc7 Qc4+ 63. Kb7 Qb5+ 64. Ka8 Qe8+ 65. Kb7 Qe7+ 66. Kb8 Qd6+ 67. Kb7 Qd7+ 68. Kb8 Qd8+ 69. Kb7 Qd7+ 70. Kb8 Qxa7+ 71. Kxa7 1/2-1/2

[Event "*** SCC Grand Prix: Titled Tuesday Blitz"]
[Site "Chess.com"]
[Date "2020.07.14"]
[Round "4"]
[White "tapu2"]
[Black "ellatambien"]
[Result "0-1"]
[WhiteElo "2512"]
[BlackElo "2415"]
[TimeControl "180+1"]
[EndTime "10:41:00 PDT"]
[Termination "ellatambien won by resignation"]

1. d4 Nf6 2. c4 e6 3. Nf3 c5 4. d5 d6 5. Nc3 exd5 6. cxd5 g6 7. Nd2 Bg7 8. e4 O-O 9. Be2 Re8 10. O-O Na6 11. Re1 Nc7 12. Qc2 b6 13. a4 Rb8 14.
Nc4 Ba6 15. Bf4 Bxc4 16. Bxc4 a6 17. Qd3 Ra8 18. h3 Qd7 19. Rab1 Reb8 20. e5 b5 21.
axb5 axb5 22. Nxb5 Nxb5 23. exf6 Bxf6 24. Bd2 Nd4 25.
Bc3 Bg7 26. Re3 h5 27. Rbe1 Re8 28. b4 Rxe3 29. fxe3 Nf5 30. Bxg7 Kxg7 31. bxc5 dxc5 32. e4 Nd4 33. e5 Re8 34. e6 fxe6 35. dxe6 Qd6 36.
Rf1 Rf8 37. Rxf8 Qxf8 38. Qe4 Qe7 39. Bd3 Qxe6 40. Qb7+ Kh6 41. Qc7 Qe1+ 42. Kh2 Qe3 43. Bc4 Nf5 44. Bg8 h4 45. Qh7+ Kg5 46. Bf7 Qg3+ 47.
Kh1 Qe1+ 48. Kh2 Qe5+ 49. Kh1 Qg7 50. Qxg7 Nxg7 51. Kg1 Nf5 52. Kf2 Nd6 53. Bd5 Kf4 54.
Be6 g5 55. Bg8 Ne4+ 56. Kg1 Kg3 57. Bd5 Nc3 58. Bc4 Nb1 59. Bd5 Nd2 60. Be6 c4 61. Bf5 c3 62. Bd3 Nc4 63. Kf1 c2 64. Bxc2 Ne3+ 65.
Ke2 Nxc2 66. Kd3 Nb4+ 67. Ke4 Kxg2 68. Kf5 Kxh3 69. Kxg5 Kg3 0-1

[Event "*** SCC Grand Prix: Titled Tuesday Blitz"]
[Site "Chess.com"]
[Date "2020.07.14"]
[Round "4"]
[White "BillCoe"]
[Black "Atanejhad"]
[Result "0-1"]
[WhiteElo "2117"]
[BlackElo "2383"]
[TimeControl "180+1"]
[EndTime "10:41:00 PDT"]
[Termination "Atanejhad won on time"]

1. e4 e5 2. Nf3 Nc6 3. Bb5 a6 4. Ba4 Nf6 5. O-O Be7 6. Re1 b5 7. Bb3 d6 8. c3 O-O 9. h3 Na5 10. Bc2 c5 11. d4 Qc7 12. a4 Rb8 13. Nbd2 cxd4 14. cxd4 Nc6 15. d5 Nb4 16. Bb1 bxa4 17. Qxa4 Bd7 18. Qa5 Qb7 19. Nf1 Rfc8 20. Bd2 Nc2 21.
Bxc2 Rxc2 22. Bc3 Bb5 23. Ne3 Re2 24. Qb4 Bd3 25. Rxe2 Bxe2 26. Qxb7 Rxb7 27. Nd2 g6 28. f3 Nh5 29. Kf2 Bb5 30. g3 Nf6 31. Ndc4 Nd7 32. Na5 Rc7 33. Rc1 Nc5 34. Rc2 Bd3 35. Rd2 Bxe4 36.
Nc6 Bf5 37. Ba5 Rb7 38. Nxf5 gxf5 39. h4 Nb3 40. Rc2 Nxa5 41. Nxa5 Rb5 42. Nc6 Bf6 43. Rd2 h5 44. Na7 Rb3 45. Nc8 f4 46. gxf4 Bxh4+ 47. Kg2 exf4 48. Nxd6 Kf8 49. Nc4 Bd8 50. d6 h4 51. Ne5 a5 52. Nd3 Ke8 53. Nxf4 Kd7 54.
Kh3 Rb6 55. Kg4 Rxd6 56. Rxd6+ Kxd6 57. Ne2 Kd5 0-1

[Event "*** SCC Grand Prix: Titled Tuesday Blitz"]
[Site "Chess.com"]
[Date "2020.07.14"]
[Round "4"]
[White "vovachesss"]
[Black "mishanick"]
[Result "1/2-1/2"]
[WhiteElo "2609"]
[BlackElo "2845"]
[TimeControl "180+1"]
[EndTime "10:41:03 PDT"]
[Termination "Game drawn by stalemate"]

1. c4 e5 2. Nc3 Nf6 3. g3 Bb4 4. e4 O-O 5. Bg2 d6 6. Nge2 Nc6 7. O-O Bg4 8. h3 Bxe2 9. Nxe2 Nd7 10. d4 exd4 11. Nxd4 Nxd4 12. Qxd4 Bc5 13. Qc3 Ne5 14. b4 Bb6 15. c5 dxc5 16. bxc5 Bxc5 17. Qxc5 Nd3 18.
Qc3 Nxc1 19. Raxc1 c6 20. Rfd1 Qe7 21. Qc5 Qxc5 22.
Rxc5 Rfd8 23. Rcc1 Kf8 24. f4 Ke7 25. Kf2 Rac8 26.
Ke3 f6 27. Bf3 c5 28. Bg4 Rc7 29. Rxd8 Kxd8 30. Rd1+ Ke7 31. Kd3 b5 32. Kc3 a5 33.
e5 fxe5 34. fxe5 c4 35. a3 g6 36. e6 h5 37. Bf3 Kxe6 38. Rd5 b4+ 39. axb4 axb4+ 40.
Kxb4 c3 41. Rd1 Ke5 42. Kb3 c2 43. Rc1 Rf7 44. Be2 Rf2 45. Rxc2 Rh2 46. Bf1 Rh1 47. Rf2 Rg1 48. Bg2 Re1 49. Kc3 Re3+ 50. Kd2 Rxg3 51.
Ke2 g5 52. Kf1 Ra3 53. Rb2 Kf4 54. Kf2 Ra4 55. Bc6 Rc4 56. Bb5 Rd4 57. Be2 g4 58.
h4 Rd5 59. Rb4+ Kf5 60. Ke3 Re5+ 61. Kf2 Rd5 62. Rb6 Kf4 63. Rf6+ Rf5 64. Rh6 Re5 65. Bd3 Rd5 66. Bf1 Rd2+ 67. Ke1 Rd5 68. Ra6 Kg3 69. Rb6 Re5+ 70. Be2 Kh2 71. Rb5 Rxb5 72.
Bxb5 g3 73. Bc6 Kg1 74. Ke2 g2 75. Bxg2 Kxg2 76. Ke1 Kh3 77. Kf1 Kxh4 78. Kg1 Kg4 79. Kh1 h4 80. Kh2 h3 81. Kh1 Kg3 82. Kg1 h2+ 83. Kh1 Kh3 1/2-1/2

[Event "*** SCC Grand Prix: Titled Tuesday Blitz"]
[Site "Chess.com"]
[Date "2020.07.14"]
[Round "4"]
[White "Msb2"]
[Black "GMNickPert"]
[Result "1/2-1/2"]
[WhiteElo "2881"]
[BlackElo "2679"]
[TimeControl "180+1"]
[EndTime "10:41:04 PDT"]
[Termination "Game drawn - insufficient material"]

1. d4 e6 2. c4 f5 3. g3 Nf6 4. Bg2 Be7 5. Nf3 O-O 6. O-O d6 7.
Nc3 Ne4 8. Qc2 Nxc3 9. bxc3 Nc6 10. e4 e5 11. exf5 Bxf5 12. Qb3 Rb8 13. dxe5 dxe5 14.
Rd1 Qe8 15. Re1 Bc5 16. Be3 Na5 17. Qb5 Qxb5 18. cxb5 Bxe3 19. Rxe3 Nc4 20. Ree1 Rbe8 21. Ng5 Nd6 22. c4 h6 23. Bd5+ Kh8 24. Nf3 e4 25. Nd4 Bh7 26. c5 Re5 27. Bb3 Nf5 28. Ne6 Rc8 29.
Rad1 Bg8 30. Nf4 Bxb3 31. Ng6+ Kh7 32. Nxe5 Bxd1 33. Rxd1 Re8 34. Ng4 h5 35. Ne3 Nxe3 36. fxe3 Re5 37. Rc1 Rd5 38. Rc4 Kg6 39. Rxe4 Rxc5 40.
a4 Kf5 41. Rf4+ Ke5 42. h4 a6 43. bxa6 bxa6 44. Kf2 g6 45. Kf3 Rc1 46. Re4+ Kf6 47. Rb4 Rf1+ 48. Ke2 Rg1 49. Kf2 Rc1 50. Kf3 Rf1+ 51.
Ke4 Rg1 52. Rc4 Rxg3 53. Rc6+ Kg7 54. Rxc7+ Kh6 55. Ra7 Rg4+ 56. Kd5 Rxa4 57. e4 g5 58. hxg5+ Kxg5 59. e5 Ra1 60. Rg7+ Kf5 61. Rf7+ Kg6 62.
e6 Rd1+ 63. Kc5 Re1 64. Kd6 Rd1+ 65. Kc6 Re1 66. Kd7 Rd1+ 67. Ke8 h4 68. Rf2 Re1 69. e7 Kg5 70. Kf8 h3 71. Ra2 Kg4 72. Rxa6 Rxe7 73.
Kxe7 h2 74. Ra1 Kg3 75. Rh1 Kg2 76. Rxh2+ Kxh2 1/2-1/2

[Event "*** SCC Grand Prix: Titled Tuesday Blitz"]
[Site "Chess.com"]
[Date "2020.07.14"]
[Round "4"]
[White "Love_craft"]
[Black "BakaPG"]
[Result "0-1"]
[WhiteElo "2465"]
[BlackElo "2646"]
[TimeControl "180+1"]
[EndTime "10:41:04 PDT"]
[Termination "BakaPG won by checkmate"]

1. Nf3 d5 2. g3 Bg4 3. Bg2 Nd7 4. d4 e6 5. O-O Ngf6 6. b3 Be7 7. Bb2 O-O 8. Nbd2 a5 9. a4 c5 10. dxc5 Nxc5 11. Ne5 Bh5 12. Ndf3 Rc8 13. Nd4 Nfe4 14. Nb5 f6 15. Nf3 e5 16. Bh3 Rc6 17. Nh4 d4 18. Nf5 g5 19. f3 Nd6 20. f4 g4 21. Nxe7+ Qxe7 22. Bg2 Rcc8 23. fxe5 fxe5 24. Qd2 Nxb5 25. axb5 b6 26. Qh6 Bg6 27. Bd5+ Kh8 28. Rxf8+ Qxf8 29. Qg5 Qf5 30. Qe7 Rf8 31. Bg2 Qf6 32. Qc7 Qg5 33. Rf1 Qe3+ 34. Kh1 Rxf1+ 35. Bxf1 Be4+ 36. Bg2 Bxg2+ 37. Kxg2 Qxe2+ 38. Kg1 Qd1+ 39. Kg2 Qxc2+ 40. Kg1 Qb1+ 41. Kg2 Qxb2+ 42. Kg1 Qc1+ 43. Kg2 Qd2+ 44. Kg1 Qd1+ 45. Kg2 Qf3+ 46. Kg1 Qf6 47.
Qc8+ Kg7 48. Qxg4+ Kf7 49. Qh5+ Ke6 50. Qxh7 e4 51. Qg8+ Qf7 52. Qc8+ Kf6 53. Qd8+ Ke5 54. Qb8+ Kd5 55. Qxb6 Qd7 56. Qxa5 d3 57. Qb4 Ne6 58. Qc4+ Ke5 59. Qc3+ Qd4+ 60. Qxd4+ Nxd4 61. Kf2 Nxb5 62. Ke3 Nc3 63. h4 Nd5+ 64. Kd2 Kd4 65. h5 e3+ 66.
Kd1 Nc3+ 67. Ke1 d2+ 68. Kf1 d1=Q+ 69. Kg2 Qxh5 70. b4 e2 71. Kf2 Qh2+ 72. Ke1 Qg1+ 73. Kd2 Qd1# 0-1

[Event "*** SCC Grand Prix: Titled Tuesday Blitz"]
[Site "Chess.com"]
[Date "2020.07.14"]
[Round "4"]
[White "Diego_FloresQ"]
[Black "tigra"]
[Result "0-1"]
[WhiteElo "2495"]
[BlackElo "2823"]
[TimeControl "180+1"]
[EndTime "10:41:06 PDT"]
[Termination "tigra won by resignation"]

1. e4 c5 2. Nf3 d6 3. d4 cxd4 4. Nxd4 Nf6 5. Nc3 a6 6. Bg5 Nbd7 7. Qe2 h6 8. Bh4 g6 9. f4 e5 10. fxe5 dxe5 11. O-O-O Qc7 12. Nb3 b5 13. Nd5 Nxd5 14. exd5 Bd6 15. g4 h5 16. g5 O-O 17. Bg2 a5 18.
Nd2 a4 19. Ne4 b4 20. Kb1 b3 21. Bf3 Ba6 22. Qg2 bxa2+ 23. Ka1 a3 24. b3 Nc5 25. Nf6+ Kg7 26. Kxa2 Na4 27. Ne4 Nc3+ 28. Nxc3 Qxc3 29.
Rb1 e4 30. Bxe4 Be5 31. Be1 Qb2+ 32. Rxb2 axb2 33. c3 Bf1+ 34. Kxb2 Bxg2 35. Bxg2 Rfe8 36. Bf3 Rac8 37. Bd2 Kh7 38. h3 Bxc3+ 39. Bxc3 Re3 40. Bf6 Rxf3 41. Rd1 Rb8 42. d6 Rfxb3+ 43. Kc2 R3b7 44. d7 Rc7+ 45. Bc3 Rd8 46. Kb2 Rcxd7 47. Re1 Rb8+ 48. Kc1 Rc8 49. Kb2 Rb7+ 50. Kc2 Rbc7 51. Re3 Kg8 52.
Kd2 Kf8 53. Bf6 Rd7+ 54. Ke1 Rdc7 55. Kf2 Kg8 56. h4 Rc6 57. Kg3 Re6 58. Rc3 Rce8 59. Rc7 Re3+ 60. Kf2 R3e4 61. Kg3 Re2 62. Bd4 R8e7 63.
Rc8+ Re8 64. Rc7 R2e4 65. Bf6 Rg4+ 66. Kh3 Re3+ 67. Kh2 Rxh4+ 68. Kg2 Rhe4 69. Rd7 Re8 70. Kh2 R3e6 71. Kg2 Rxf6 72. gxf6 Re6 73. Rd8+ Kh7 0-1

[Event "*** SCC Grand Prix: Titled Tuesday Blitz"]
[Site "Chess.com"]
[Date "2020.07.14"]
[Round "4"]
[White "louis198"]
[Black "joksijoksi"]
[Result "0-1"]
[WhiteElo "2554"]
[BlackElo "2393"]
[TimeControl "180+1"]
[EndTime "10:41:06 PDT"]
[Termination "joksijoksi won by resignation"]

1. d4 e6 2. Bf4 d5 3. e3 c5 4. Nf3 Nc6 5. Nbd2 Bd6 6. Bg3 Nge7 7. c3 cxd4 8. exd4 O-O 9. Bd3 f6 10. Bxd6 Qxd6 11. O-O e5 12. c4 Bg4 13. cxd5 Nxd4 14. Be4 Nxd5 15. h3 Bh5 16. g4 Nxf3+ 17. Qxf3 Bf7 18.
Rfd1 Nf4 19. Bxb7 Rab8 20. Nb3 Qb4 21. Rd7 Be6 22. Rc7 Nxh3+ 23. Kh2 Ng5 24. Qg2 Qf4+ 25. Qg3 Qxg4 26. Qxg4 Bxg4 27. Bd5+ Kh8 28. Rxa7 e4 29. Kg3 f5 30. Kf4 Nh3+ 31. Kg3 h5 32. Rh1 f4+ 33. Kh2 Nxf2 34. Rc1 e3 35. Rcc7 Rg8 36. Bxg8 Rxg8 37. Nd4 Nd3 38. Rf7 f3 39. Rae7 e2 40. Nxf3 Bxf3 41.
Rxf3 e1=Q 42. Rxe1 Nxe1 43. Re3 Nc2 44. Rc3 Nb4 45.
a3 Nd5 46. Rc5 Nf6 47. b4 Ra8 48. Rc3 g5 49. b5 Nd7 50. Rc7 Nb6 51. Rb7 Na4 52. Kg3 Ra5 53. Kf3 Nc3 54. b6 Rxa3 55. Rb8+ Kg7 56. b7 Rb3 57. Ke3 Nd5+ 58. Kd4 Nf6 59. Kc4 Rb1 60. Kc5 g4 61. Kc6 h4 62.
Ra8 Rxb7 63. Kxb7 g3 64. Ra2 h3 65. Ra3 g2 66. Rg3+ Kf7 67. Rxh3 g1=Q 68. Rc3 Qg2+ 69. Kb6 Nd5+ 70. Kc5 Nxc3 71. Kd4 Ne2+ 72. Ke3 Ng3 73. Kf4 Kf6 74. Kg4 Qe4+ 75. Kh3 Nf5 76. Kh2 Nd6 77.
Kg3 Kf5 78. Kh3 Qg4+ 79. Kh2 Kf4 80. Kh1 Kf3 0-1

[Event "*** SCC Grand Prix: Titled Tuesday Blitz"]
[Site "Chess.com"]
[Date "2020.07.14"]
[Round "4"]
[White "kuban1991"]
[Black "RaunakSadhwani2005"]
[Result "1/2-1/2"]
[WhiteElo "2745"]
[BlackElo "2954"]
[TimeControl "180+1"]
[EndTime "10:41:07 PDT"]
[Termination "Game drawn - insufficient material"]

1. Nf3 d5 2. g3 Nc6 3. Bg2 e5 4. O-O e4 5. Ne1 Nf6 6. c4 dxc4 7. Nc3 Bf5 8. Nc2 Bc5 9. Ne3 Bxe3 10. fxe3 Bg6 11. Qa4 h5 12. Qxc4 Qe7 13. b4 h4 14.
Qc5 Qxc5 15. bxc5 hxg3 16. hxg3 O-O-O 17. Rf4 Nh5 18. Rg4 Ne5 19. Rh4 Nxg3 20. Rxh8 Rxh8 21. Kf2 Nh1+ 22. Kg1 Ng3 23. Kf2 Nf5 24. Bxe4 Ng4+ 25. Kg1 Nf6 26. Bxf5+ Bxf5 27. d3 Bg6 28. e4 Nd7 29. Be3 Re8 30. Kf2 Nf6 31. Rg1 Kd7 32. Bd4 Kc6 33. Bxf6 gxf6 34. Rc1 f5 35. exf5 Bxf5 36.
Kf3 Bg6 37. e4 Rd8 38. Ke3 Re8 39.
Nd5 f5 40. Nf4 Bf7 41. a3 fxe4 42. d4 Bd5 43. Rg1 Rd8 44. Rg6+ Kb5 45. Rg7 c6 46. Rxb7+ Kc4 47. Rb4+ Kc3 48. Nxd5+ cxd5 49. Ra4 Rf8 50. c6 Rc8 51. Ra6 Rc7 52. a4 Kc4 53. Ra5 Rxc6 54. Rxa7 Kc3 55. Ra5 Kc4 56. Ra8 Rf6 57. Rc8+ Kb4 58.
Rc5 Rf3+ 59. Ke2 Kxa4 60. Rxd5 Kb4 61. Re5 Kc4 62. Rxe4 Rh3 63. Re3 Rh2+ 64. Kf3 Kxd4 65. Re4+ Kd5 66. Rg4 Ke5 67. Rg3 Kf5 68. Rg2 Rxg2 69.
Kxg2 1/2-1/2

[Event "*** SCC Grand Prix: Titled Tuesday Blitz"]
[Site "Chess.com"]
[Date "2020.07.14"]
[Round "4"]
[White "WelshTiger"]
[Black "cottage_cheese"]
[Result "1-0"]
[WhiteElo "2373"]
[BlackElo "2155"]
[TimeControl "180+1"]
[EndTime "10:41:10 PDT"]
[Termination "WelshTiger won by resignation"]

1. e4 e6 2. d4 d5 3. Nd2 h6 4.
c3 c5 5. exd5 exd5 6. Ngf3 Nf6 7.
Bb5+ Bd7 8. Bxd7+ Nbxd7 9. O-O Be7 10. dxc5 Nxc5 11. Nd4 O-O 12. Qf3 Nce4 13. N2b3 Re8 14. Bf4 Qd7 15. Rad1 Rad8 16. h3 Bf8 17. Rd3 Qa4 18. a3 Qc4 19. Rfd1 a6 20. Na5 Qc8 21. Nab3 b6 22. Nd2 Nc5 23. Re3 Nfe4 24. Nf1 Ne6 25. Bh2 N6g5 26. Qg4 Qxg4 27. hxg4 Bc5 28. Red3 Ne6 29.
Ne3 g6 30. Nxe6 fxe6 31. f3 Nd6 32. Kf1 Bxe3 33. Rxe3 Nc4 34. Re2 Kf7 35. Bg1 e5 36. b3 Nxa3 37. Bxb6 Rb8 38. Bc5 Nb5 39. Rxd5 Nxc3 40. Rd7+ Ke6 41. Rd6+ Kf7 42. Rc2 Rxb3 43. Rxa6 Rb1+ 44. Kf2 Nd1+ 45. Kg3 e4 46. Ra7+ Ke6 47.
fxe4 Rb3+ 48. Kh2 Ne3 49. Bxe3 Rxe3 50. Rc6+ Ke5 51. Rxg6 Rxe4 52. Ra5+ Kf4 53. Rf5+ Ke3 54. Rxh6 Rxg4 55. Rf3+ Ke2 56. Rhf6 Reg8 57. Rf2+ Ke3 58. R6f3+ Ke4 59. Re2+ Kd4 60. Rf7 Rh8+ 61. Kg1 Rhg8 62. Rd7+ Kc5 63. Rc2+ Rc4 64. Rxc4+ Kxc4 65. Kh2 Kc5 66. Kh3 Kc6 67. Rd1 Kc7 68. g4 Rh8+ 69.
Kg3 Rg8 70. Kf4 Rf8+ 71. Kg5 Rg8+ 72. Kh4 Rf8 73. g5 Rf2 74. Kh5 Rh2+ 75. Kg6 Rg2 76. Kf6 Rd2 77. Rxd2 1-0

[Event "*** SCC Grand Prix: Titled Tuesday Blitz"]
[Site "Chess.com"]
[Date "2020.07.14"]
[Round "4"]
[White "Schandenfreude"]
[Black "Doraemon7"]
[Result "0-1"]
[WhiteElo "2453"]
[BlackElo "2640"]
[TimeControl "180+1"]
[EndTime "10:41:13 PDT"]
[Termination "Doraemon7 won on time"]

1. Nf3 d5 2. e3 Nf6 3. c4 c6 4.
Nc3 e6 5. Qc2 Bd6 6. b3 O-O 7.
Bb2 e5 8. cxd5 cxd5 9. Nb5 Nc6 10. Nxd6 Qxd6 11. Be2 Bg4 12. h3 Bh5 13. Qf5 Rfe8 14. a3 Bg6 15. Qg5 h6 16. Qh4 d4 17. Bc4 Ne7 18.
g4 Qc6 19. Qg3 b5 20. Be2 Ne4 21. Qxe5 Nxd2 22. Qxd4 f6 23. Qxd2 Be4 24. Qd1 Rad8 25. Bd4 Nd5 26. O-O h5 27. Nd2 Bh7 28. Bf3 Qe6 29. Rc1 Nf4 30. exf4 Rxd4 31. Re1 Qd7 32. Rxe8+ Qxe8 33. Qe1 Qxe1+ 34. Rxe1 Rxd2 35. Re7 Rd3 36. Kg2 hxg4 37. hxg4 a5 38. b4 Rxa3 39. bxa5 Rxa5 40. Bd5+ Kf8 41. Rf7+ Ke8 42. Rxg7 Bd3 43. Rg8+ Ke7 44. g5 fxg5 45. fxg5 b4 46. Bf3 Kf7 47. Rb8 Rxg5+ 48. Kh3 Rf5 49. Bg4 Rf4 50. Kg3 Rc4 51. Bf3 Kf6 52. Rb6+ Ke5 53. Rb5+ Kf6 54. Rd5 Bf5 55. Rd6+ Kg5 56. Rb6 Rd4 57. Rb5 Kf6 58. Kg2 Be6 59.
Rb6 b3 60. Kg3 Ke5 61. Be2 Bd5 62. Rb5 Kd6 63. Rb6+ Kc5 64. Rb8 Rd2 65. Bf3 Kd4 66. Bxd5 b2 0-1

[Event "*** SCC Grand Prix: Titled Tuesday Blitz"]
[Site "Chess.com"]
[Date "2020.07.14"]
[Round "4"]
[White "Tashik"]
[Black "hongnhung1234"]
[Result "1/2-1/2"]
[WhiteElo "2412"]
[BlackElo "2243"]
[TimeControl "180+1"]
[EndTime "10:41:15 PDT"]
[Termination "Game drawn by stalemate"]

1. c4 Nf6 2. Nc3 g6 3. e4 d6 4. d4 Bg7 5. f4 O-O 6. Nf3 Nbd7 7. Bd3 c5 8. d5 a6 9. a4 Rb8 10. O-O e6 11. Re1 exd5 12. cxd5 Re8 13. h3 c4 14. Bxc4 Nc5 15. e5 Nh5 16. Be3 Nd7 17. exd6 Ndf6 18. Ba7 Ra8 19. Bc5 Nxf4 20. Qd2 N4h5 21. a5 Ng3 22.
Qf4 Nfh5 23. Qh4 Bf6 24. Rxe8+ Qxe8 25. Ng5 h6 26. Nce4 hxg5 27. Nxf6+ Nxf6 28. Qxg3 Ne4 29. Qe3 Bf5 30. Ba3 Rc8 31. b3 Qd7 32. g4 Bxg4 33. Qxe4 Bxh3 34. Re1 Kh7 35. Re3 Bf5 36. Qh1+ Kg8 37.
Bb2 f6 38. Bxf6 Qh7 39. Qxh7+ Kxh7 40. Re7+ Kh6 41. d7 Rd8 42. Rh7+ Kxh7 43. Bxd8 Bxd7 44. Bxg5 Kg7 45. Kf2 Kf7 46. Ke3 Ke8 47. d6 Kf8 48.
Kf4 Ke8 49. Ke5 Bf5 50. Kf6 Kd7 51. Bf4 Kc6 52. Bf7 Bc2 53. Ke7 Bf5 54. Be8+ Kc5 55. d7 Bxd7 56. Bxd7 g5 57. Bxg5 Kb4 58. Bd2+ Kxb3 59.
Kd6 Kc4 60. Kc7 b5 61. axb6 a5 62. b7 Kb3 63. b8=Q+ Kc4 64. Qb5+ Kd4 65. Qxa5 Kd3 66. Qd5+ Kc2 67. Qc4+ Kd1 68. Kd6 Kxd2 69. Qd4+ Ke1 70. Kc5 Ke2 71. Kc4 Ke1 72. Qd3 Kf2 73. Kd4 Kg2 74. Qe3 Kf1 75. Bb5+ Kg2 76. Ke4 Kh2 77. Qf2+ Kh1 78. Bc4 1/2-1/2

[Event "*** SCC Grand Prix: Titled Tuesday Blitz"]
[Site "Chess.com"]
[Date "2020.07.14"]
[Round "4"]
[White "brunoo2003"]
[Black "Lagmantr"]
[Result "0-1"]
[WhiteElo "2206"]
[BlackElo "2638"]
[TimeControl "180+1"]
[EndTime "10:41:15 PDT"]
[Termination "Lagmantr won on time"]

1. e4 c6 2. Nf3 d5 3. Nc3 dxe4 4. Nxe4 Nf6 5. Qe2 Nxe4 6. Qxe4 Qd5 7. Qh4 Qe6+ 8. Be2 Qg6 9. Qg3 Qxc2 10. O-O Qg6 11.
Qf4 Qf6 12. Qc7 Nd7 13. d4 Nb6 14. Qg3 Nd5 15. Bg5 Qd6 16. Qh4 h6 17. Ne5 Bf5 18. Bc4 g6 19. Bd2 Bg7 20. Rfe1 g5 21. Qh5 O-O 22. h4 Bg6 23. Nxg6 fxg6 24. Qe2 Bxd4 25. Qxe7 Qxe7 26. Rxe7 Rxf2 27. Bc3 Rf7+ 28. Bxd4 Rxe7 29. hxg5 hxg5 30. Rd1 Rae8 31. Kf2 b6 32. Rh1 Rf8+ 33. Kg3 Rh7 34. Re1 Rh4 35. Rd1 Rff4 36. Bxd5+ cxd5 37. Be3 Re4 38. Kf3 g4+ 39. Kf2 d4 40.
Bg5 Rh5 41. Bc1 Rc5 42. Kg3 Rc2 43. Bf4 Rxb2 44. Kxg4 Rxa2 45. g3 Kf7 46. Rh1 Re7 47.
Rh7+ Ke6 48. Rh6 Kd5 49. Rxg6 d3 50. Rd6+ Kc4 51. Kf5 b5 52. Kf6 Ree2 53. g4 Rf2 54. Kf5 d2 55. g5 Ra3 56. Rxd2 Rxd2 57. Bxd2 Rg3 58. Bf4 Rg1 59. g6 b4 60. Bg5 Rf1+ 61. Ke6 Rf8 62. g7 Rc8 63. Be7 Rg8 64. Kf7 Rxg7+ 65.
Kxg7 a5 66. Kf6 a4 67. Ke5 a3 68. Ke4 Kc3 69. Kd5 a2 70. Bf6+ Kc2 71. Kc4 b3 72.
Kb4 b2 0-1